Kraken vs Ducks

Created - 27 novembre 2023 at 14:09

Goals
1 2 3 T
Kraken 1 0 0 1
Ducks 0 1 1 2
Shots
1 2 3 T
Kraken 17 6 6 29
Ducks 7 13 8 28

GoalsPenalties
1st period
1. Kraken , Vladimir Tarasenko 11 (David Perron 18, Ryan Hartman 21) at 11:52 (PP)
Oskar Sundqvist (ANA) for Holding (Minor) at 11:40
Steven Stamkos (ANA) for Holding Stick (Minor) at 13:11
2nd period
2. Ducks , Lawson Crouse 7 (Mark Stone 9, Steven Stamkos 18) at 5:22
Ryan Hartman (SEA) for High sticking (Minor) at 14:37
3rd period
3. Ducks , Johnny Gaudreau 11 (Steven Stamkos 19) at 8:57 (PP)
Justin Holl (SEA) for Holding (Minor) at 6:04
Vladimir Tarasenko (SEA) for Hooking (Minor) at 8:27
Jonas Brodin (SEA) for Hooking (Minor) at 19:23
Goalie Stats
Frederik Andersen (SEA), 26 saves from 28 shots - (0,929), L, 17-14-1, 60:00 minutes
Carter Hart (ANA), 28 saves from 29 shots - (0,966), W, 15-14-3, 60:00 minutes
3 StarsOfficial
1 - Carter Hart (ANA)
2 - Lawson Crouse (ANA)
3 - Steven Stamkos (ANA)
Referees : Eric Furlatt and Chris Schlenker
Linesman : Greg Devorski and Anna Hammar
Game Note
No Game Note
Finance
Level 1 -- Attendance: 4356 (69%) -- Ticket Income $435,600
Level 2 -- Attendance: 2776 (51%) -- Ticket Income $222,080
Level 3 -- Attendance: 1975 (76%) -- Ticket Income $88,875
Level 4 -- Attendance: 2049 (54%) -- Ticket Income $61,470
Luxury Box -- Attendance: 440 (40%) -- Ticket Income $352,000
Game was played at the Arrowhead Pond.
Total Attendance: 11596 (60%)
Total Ticket Income: $1,160,025
Other Income: $348,008
Total Income: $1,508,033



Team Name Goals Shots Shots Attemp Shots Blocked PIM HIT PP PK FO%
Kraken 1295288181 / 2 (50%)141%
Ducks 2285884211 / 4 (25%)159%

Kraken
Player Name POS G A P +/- PIM HIT SHT SB MP PP MP PP SHT PK MP PK SHT FO% FOT GA TA
Artturi LehkonenLW/RW0000013018:121:0202:1700% 100
Barclay GoodrowC/LW0000023014:070:0002:4710% 101
Charlie CoyleC/RW0000031018:071:0202:17067% 1211
Christopher TanevD0000011120:380:0002:5100% 001
Connor MurphyD0000010117:020:3602:1300% 001
Curtis LazarC/RW000002109:290:0000:0000% 100
David PerronLW/RW011-1022019:491:0900:0000% 110
Ilya LyubushkinD0000000115:170:0001:0400% 000
Jonas BrodinD000-1202123:251:3502:1300% 010
Justin HollD0000210320:090:3601:4700% 000
Oliver BjorkstrandLW/RW0000008015:501:0210:0000% 001
Radek FaksaC/LW0000000013:060:0002:47050% 800
Ryan DonatoC/LW0000020011:140:0000:0000% 010
Ryan HartmanC/RW011-1203019:161:0900:00035% 2301
Ryan PoehlingC/LW000000009:060:0000:0000% 000
Seth JonesD000-1012121:131:3500:0000% 000
Vladimir TarasenkoRW101-1213019:441:0910:0000% 201
Zach Aston-ReeseLW/RW000001009:080:0000:0000% 000
Ducks
Player Name POS G A P +/- PIM HIT SHT SB MP PP MP PP SHT PK MP PK SHT FO% FOT GA TA
Adam LarssonD0000032023:472:1411:2900% 000
Dylan LarkinC0000041017:572:0410:00056% 1800
Johnny GaudreauLW1010002019:252:5810:0000% 020
Josh MansonD0000001014:510:0001:2900% 000
Lawson CrouseLW/RW1011021017:180:0001:1900% 210
Mark StoneRW0111011017:442:0400:0000% 100
Michael McLeodC000000018:340:0200:000100% 100
Morgan GeekieC/RW0000000015:262:0401:19067% 300
Morgan RiellyD0001002322:292:5000:0000% 001
Nick RitchieLW000001208:250:0000:0000% 000
Oliver WahlstromRW000001118:490:0000:0000% 000
Oskar SundqvistC/RW0000201013:120:0200:52067% 300
Riley StillmanD0000011013:440:0000:4200% 011
Ryan McDonaghD0001012123:112:5000:4200% 010
Steven StamkosC/LW0221233119:002:5800:00067% 2111
Thomas ChabotD0000011021:582:1400:0000% 000
Timo MeierLW/RW0000011019:262:5800:0000% 010
Trent FredericLW/RW0000026112:310:0200:5200% 001

Kraken

5 vs 5 Forward
Line #Left WingCenterRight WingPHYDFOFWanted %Time %Time Play
1David PerronRyan HartmanVladimir Tarasenko1224035%18:05
2Oliver BjorkstrandCharlie CoyleArtturi Lehkonen1223032%16:39
3Barclay GoodrowRadek FaksaRyan Donato2212519%10:01
4Zach Aston-ReeseRyan PoehlingCurtis Lazar122514%7:25
5 vs 5 Defense
Line #DefenseDefensePHYDFOFWanted %Time %Time Play
1Seth JonesJonas Brodin0324037%19:04
2Christopher TanevJustin Holl0323536%19:00
3Connor MurphyIlya Lyubushkin0322527%14:06
4Seth JonesJonas Brodin13100%0:00
Power Play Forward
Line #Left WingCenterRight WingPHYDFOFWanted %Time %Time Play
1David PerronRyan HartmanVladimir Tarasenko1135053%1:09
2Oliver BjorkstrandCharlie CoyleArtturi Lehkonen1135047%1:02
Power Play Defense
Line #DefenseDefensePHYDFOFWanted %Time %Time Play
1Seth JonesJonas Brodin0236073%1:35
2Connor MurphyJustin Holl0234027%0:36
Penalty Kill 4 Players Forward
Line #CenterWingPHYDFOFWanted %Time %Time Play
1Radek FaksaBarclay Goodrow1315055%2:47
2Charlie CoyleArtturi Lehkonen1315045%2:17
Penalty Kill 4 Players Defense
Line #DefenseDefensePHYDFOFWanted %Time %Time Play
1Christopher TanevJustin Holl0325056%2:51
2Connor MurphyJonas Brodin0325044%2:13
Penalty Kill 3 Players
Line #WingPHYDFOFWanted %Time %Time PlayDefenseDefensePHYDFOFWanted %Time %Time Play
1Charlie Coyle050500%0:00 Christopher TanevJustin Holl050600%0:00
2Barclay Goodrow050500%0:00 Connor MurphyJustin Holl050400%0:00
4 vs 4 Forward
Line #CenterWingPHYDFOFWanted %Time %Time Play
1Charlie CoyleDavid Perron122500%0:00
2Ryan HartmanOliver Bjorkstrand122500%0:00
4 vs 4 Defense
Line #DefensePHYDFOFWanted %Time %Time Play
1Seth JonesJonas Brodin032500%0:00
2Connor MurphyChristopher Tanev032500%0:00
Last Minutes Offensive
Left WingCenterRight WingDefenseDefense
David PerronRyan HartmanVladimir TarasenkoSeth JonesJustin Holl
Last Minutes Defensive
Left WingCenterRight WingDefenseDefense
Radek FaksaBarclay GoodrowArtturi LehkonenJustin HollChristopher Tanev
Time
Total ForwardTotal DefenseLast Minutes OffensiveLast Minutes Defensive
60:00 60:00 0:350:00
Extra Forwards
Normal PowerPlayPenalty Kill
Ryan Hartman, David Perron, Vladimir TarasenkoRyan Hartman, David PerronBarclay Goodrow
Extra Defensemen
Normal PowerPlayPenalty Kill
Seth Jones, Justin Holl, Connor MurphySeth Jones, Justin HollConnor Murphy
Penalty Shots
Vladimir Tarasenko, David Perron, Charlie Coyle, Oliver Bjorkstrand, Artturi Lehkonen
Goalie
Frederik Andersen, Matt Murray
Scratches
Evgeny Svechnikov (Healthy), Brad Hunt (Healthy)

Ducks

5 vs 5 Forward
Line #Left WingCenterRight WingPHYDFOFWanted %Time %Time Play
1Johnny GaudreauDylan LarkinTimo Meier0234131%16:16
2Mark StoneSteven StamkosLawson Crouse0233932%16:40
3Morgan GeekieOskar SundqvistTrent Frederic0411521%11:00
4Oliver WahlstromMichael McLeodNick Ritchie050516%8:13
5 vs 5 Defense
Line #DefenseDefensePHYDFOFWanted %Time %Time Play
1Thomas ChabotAdam Larsson0414038%19:45
2Morgan RiellyRyan McDonagh0414037%19:22
3Josh MansonRiley Stillman0502025%13:02
4Ryan McDonaghRiley Stillman12200%0:00
Power Play Forward
Line #Left WingCenterRight WingPHYDFOFWanted %Time %Time Play
1Johnny GaudreauSteven StamkosTimo Meier1045259%2:58
2Mark StoneDylan LarkinMorgan Geekie1044841%2:06
Power Play Defense
Line #DefenseDefensePHYDFOFWanted %Time %Time Play
1Morgan RiellyRyan McDonagh0145356%2:50
2Adam LarssonThomas Chabot0144744%2:14
Penalty Kill 4 Players Forward
Line #CenterWingPHYDFOFWanted %Time %Time Play
1Morgan GeekieLawson Crouse0505260%1:19
2Oskar SundqvistTrent Frederic0504840%0:52
Penalty Kill 4 Players Defense
Line #DefenseDefensePHYDFOFWanted %Time %Time Play
1Adam LarssonJosh Manson0505268%1:29
2Ryan McDonaghRiley Stillman0504832%0:42
Penalty Kill 3 Players
Line #WingPHYDFOFWanted %Time %Time PlayDefenseDefensePHYDFOFWanted %Time %Time Play
1Oskar Sundqvist140600%0:00 Adam LarssonRiley Stillman140600%0:00
2Morgan Geekie140400%0:00 Josh MansonRyan McDonagh140400%0:00
4 vs 4 Forward
Line #CenterWingPHYDFOFWanted %Time %Time Play
1Dylan LarkinJohnny Gaudreau023500%0:00
2Steven StamkosTimo Meier113500%0:00
4 vs 4 Defense
Line #DefensePHYDFOFWanted %Time %Time Play
1Ryan McDonaghThomas Chabot050550%0:00
2Adam LarssonMorgan Rielly050450%0:00
Last Minutes Offensive
Left WingCenterRight WingDefenseDefense
Steven StamkosDylan LarkinJohnny GaudreauMorgan RiellyThomas Chabot
Last Minutes Defensive
Left WingCenterRight WingDefenseDefense
Oskar SundqvistMorgan GeekieMark StoneAdam LarssonRyan McDonagh
Time
Total ForwardTotal DefenseLast Minutes OffensiveLast Minutes Defensive
60:00 60:00 0:000:36
Extra Forwards
Normal PowerPlayPenalty Kill
Trent Frederic, Oskar Sundqvist, Timo MeierMichael McLeod, Trent FredericMichael McLeod
Extra Defensemen
Normal PowerPlayPenalty Kill
Josh Manson, Riley Stillman, Ryan McDonaghRiley Stillman, Thomas ChabotMorgan Rielly
Penalty Shots
Steven Stamkos, Mark Stone, Johnny Gaudreau, Dylan Larkin, Timo Meier
Goalie
Carter Hart, Cal Petersen
Scratches
None


Play-by-Play

1st period


0:01 of 1st period - Dylan Larkin wins face-off versus Ryan Hartman in neutral zone.
0:04 of 1st period - Snap shot by Timo Meier.
0:04 of 1st period - Shot Misses the Net.
0:14 of 1st period - Seth Jones is hit by Adam Larsson and loses puck.
0:36 of 1st period - Snap shot by Steven Stamkos.
0:36 of 1st period - Stopped by Frederik Andersen without a rebound.
0:37 of 1st period - Radek Faksa wins face-off versus Oskar Sundqvist in Kraken zone.
0:44 of 1st period - Snap shot by Trent Frederic.
0:44 of 1st period - Stopped by Frederik Andersen with a rebound.
0:46 of 1st period - Slapshot by Ryan McDonagh.
0:46 of 1st period - Shot Misses the Net.
1:06 of 1st period - Snap shot by Oliver Bjorkstrand.
1:06 of 1st period - Stopped by Carter Hart with a rebound.
1:08 of 1st period - Backhand shot by Artturi Lehkonen.
1:08 of 1st period - Shot Misses the Net.
1:10 of 1st period - Snap shot by Charlie Coyle.
1:10 of 1st period - Shot Misses the Net.
1:12 of 1st period - Snap shot by Christopher Tanev.
1:12 of 1st period - Shot Misses the Net.
2:15 of 1st period - Trent Frederic is hit by Connor Murphy and loses puck.
2:36 of 1st period - Connor Murphy is hit by Lawson Crouse and loses puck.
3:11 of 1st period - Wrist shot by Vladimir Tarasenko.
3:11 of 1st period - Shot Blocked by Ryan McDonagh.
4:08 of 1st period - Wrist shot by Vladimir Tarasenko.
4:08 of 1st period - Stopped by Carter Hart without a rebound.
4:09 of 1st period - Steven Stamkos wins face-off versus Ryan Hartman in Ducks zone.
4:20 of 1st period - Slapshot by David Perron.
4:20 of 1st period - Stopped by Carter Hart without a rebound.
4:21 of 1st period - Ryan Hartman wins face-off versus Dylan Larkin in Ducks zone.
4:32 of 1st period - Slapshot by Vladimir Tarasenko.
4:32 of 1st period - Deflect By Adam Larsson.
4:32 of 1st period - Shot Misses the Net.
4:32 of 1st period - Puck is out of play.
4:33 of 1st period - Dylan Larkin wins face-off versus Ryan Hartman in Ducks zone.
4:46 of 1st period - Snap shot by Ryan Hartman.
4:46 of 1st period - Shot Misses the Net.
4:48 of 1st period - Snap shot by Christopher Tanev.
4:48 of 1st period - Deflect By Ryan Hartman.
4:48 of 1st period - Stopped by Carter Hart without a rebound.
4:49 of 1st period - Radek Faksa wins face-off versus Steven Stamkos in Ducks zone.
6:59 of 1st period - Wrist shot by Oskar Sundqvist.
6:59 of 1st period - Stopped by Frederik Andersen with a rebound.
7:19 of 1st period - Wrist shot by Ryan Poehling.
7:19 of 1st period - Shot Misses the Net.
7:47 of 1st period - Snap shot by Dylan Larkin.
7:47 of 1st period - Shot Blocked by Ilya Lyubushkin.
7:51 of 1st period - Slapshot by Dylan Larkin.
7:51 of 1st period - Shot Misses the Net.
8:20 of 1st period - David Perron is hit by Mark Stone and loses puck.
8:56 of 1st period - Wrist shot by Ryan Hartman.
8:56 of 1st period - Stopped by Carter Hart without a rebound.
8:57 of 1st period - Charlie Coyle wins face-off versus Dylan Larkin in Ducks zone.
8:58 of 1st period - Wrist shot by Artturi Lehkonen.
8:58 of 1st period - Stopped by Carter Hart with a rebound.
9:23 of 1st period - Morgan Geekie is hit by Barclay Goodrow and loses puck.
9:44 of 1st period - Oliver Wahlstrom is hit by Curtis Lazar.
9:48 of 1st period - Slapshot by Michael McLeod.
9:48 of 1st period - Shot Misses the Net.
9:50 of 1st period - Snap shot by Oliver Wahlstrom.
9:50 of 1st period - Stopped by Frederik Andersen without a rebound.
9:51 of 1st period - Dylan Larkin wins face-off versus Curtis Lazar in Kraken zone.
9:52 of 1st period - Snap shot by Johnny Gaudreau.
9:52 of 1st period - Shot Misses the Net.
10:36 of 1st period - Timo Meier is hit by Curtis Lazar and loses puck.
10:49 of 1st period - Snap shot by Zach Aston-Reese.
10:49 of 1st period - Shot Misses the Net.
10:51 of 1st period - Snap shot by Curtis Lazar.
10:51 of 1st period - Stopped by Carter Hart without a rebound.
10:52 of 1st period - Charlie Coyle wins face-off versus Steven Stamkos in Ducks zone.
11:05 of 1st period - Snap shot by Artturi Lehkonen.
11:05 of 1st period - Stopped by Carter Hart with a rebound.
11:27 of 1st period - Morgan Rielly is hit by Justin Holl and loses puck.
11:40 of 1st period - Minor Penalty to Oskar Sundqvist for Holding.
11:41 of 1st period - Ryan Hartman wins face-off versus Morgan Geekie in Ducks zone.
11:50 of 1st period - Snap shot by Vladimir Tarasenko.
11:50 of 1st period - Shot Misses the Net.
11:52 of 1st period - Snap shot by Vladimir Tarasenko.
11:52 of 1st period - Goal by Vladimir Tarasenko - Kraken : 1 - Ducks : 0.
11:53 of 1st period - Ryan Hartman wins face-off versus Steven Stamkos in neutral zone.
12:25 of 1st period - Jonas Brodin is hit by Adam Larsson and loses puck.
12:46 of 1st period - Snap shot by Trent Frederic.
12:46 of 1st period - Shot Misses the Net.
12:48 of 1st period - Slapshot by Ryan McDonagh.
12:48 of 1st period - Deflect By Trent Frederic.
12:48 of 1st period - Stopped by Frederik Andersen with a rebound.
12:50 of 1st period - Slapshot by Morgan Rielly.
12:50 of 1st period - Shot Misses the Net.
12:52 of 1st period - Slapshot by Ryan McDonagh.
12:52 of 1st period - Stopped by Frederik Andersen without a rebound.
12:53 of 1st period - Steven Stamkos wins face-off versus Vladimir Tarasenko in Kraken zone.
13:11 of 1st period - Minor Penalty to Steven Stamkos for Holding Stick.
13:12 of 1st period - Morgan Geekie wins face-off versus Charlie Coyle in Ducks zone.
13:17 of 1st period - Icing by Jonas Brodin.
13:18 of 1st period - Charlie Coyle wins face-off versus Lawson Crouse in Kraken zone.
13:26 of 1st period - Slapshot by Oliver Bjorkstrand.
13:26 of 1st period - Stopped by Carter Hart without a rebound.
13:27 of 1st period - Morgan Geekie wins face-off versus Ryan Hartman in Ducks zone.
14:26 of 1st period - Vladimir Tarasenko is hit by Trent Frederic and loses puck.
15:04 of 1st period - Icing by David Perron.
15:05 of 1st period - Oskar Sundqvist wins face-off versus Ryan Hartman in Kraken zone.
15:11 of 1st period - Penalty to Steven Stamkos is over, Steven Stamkos is back on ice.
15:30 of 1st period - Snap shot by Barclay Goodrow.
15:30 of 1st period - Stopped by Carter Hart without a rebound.
15:31 of 1st period - Charlie Coyle wins face-off versus Dylan Larkin in Ducks zone.
15:42 of 1st period - Wrist shot by Oliver Bjorkstrand.
15:42 of 1st period - Stopped by Carter Hart without a rebound.
15:43 of 1st period - Ryan Hartman wins face-off versus Dylan Larkin in Ducks zone.
16:15 of 1st period - Oliver Bjorkstrand is hit by Thomas Chabot and loses puck.
16:42 of 1st period - Backhand shot by Christopher Tanev.
16:42 of 1st period - Deflect By Morgan Rielly.
16:42 of 1st period - Stopped by Carter Hart with a rebound.
17:00 of 1st period - Slapshot by Ryan McDonagh.
17:00 of 1st period - Stopped by Frederik Andersen without a rebound.
17:01 of 1st period - Steven Stamkos wins face-off versus Ryan Hartman in Kraken zone.
17:14 of 1st period - Snap shot by Vladimir Tarasenko.
17:14 of 1st period - Shot Blocked by Steven Stamkos.
17:28 of 1st period - Johnny Gaudreau is hit by Artturi Lehkonen and loses puck.
17:39 of 1st period - Slapshot by Oliver Bjorkstrand.
17:39 of 1st period - Stopped by Carter Hart with a rebound.
17:58 of 1st period - Josh Manson is hit by Ryan Donato and loses puck.
19:06 of 1st period - Slapshot by Jonas Brodin.
19:06 of 1st period - Shot Blocked by Morgan Rielly.
19:08 of 1st period - Slapshot by Jonas Brodin.
19:08 of 1st period - Stopped by Carter Hart without a rebound.
19:09 of 1st period - Oskar Sundqvist wins face-off versus Radek Faksa in Ducks zone.
19:20 of 1st period - Backhand shot by Trent Frederic.
19:20 of 1st period - Shot Blocked by Seth Jones.
19:38 of 1st period - Dylan Larkin is hit by Seth Jones and loses puck.
19:47 of 1st period - Slapshot by Ryan Hartman.
19:47 of 1st period - Stopped by Carter Hart without a rebound.
19:48 of 1st period - Charlie Coyle wins face-off versus Steven Stamkos in Ducks zone.
19:51 of 1st period - Slapshot by Artturi Lehkonen.
19:51 of 1st period - Stopped by Carter Hart without a rebound.
19:52 of 1st period - Steven Stamkos wins face-off versus Charlie Coyle in Ducks zone.
Goals for this period are 1 for Kraken vs 0 for Ducks.
Shots for this period are 17 for Kraken vs 7 for Ducks.

2nd period


0:01 of 2nd period - Steven Stamkos wins face-off versus Ryan Hartman in neutral zone.
0:51 of 2nd period - Thomas Chabot is hit by Charlie Coyle and loses puck.
1:00 of 2nd period - Timo Meier is hit by Charlie Coyle.
1:17 of 2nd period - Oskar Sundqvist is hit by David Perron and loses puck.
1:26 of 2nd period - Wrist shot by Trent Frederic.
1:26 of 2nd period - Stopped by Frederik Andersen without a rebound.
1:27 of 2nd period - Radek Faksa wins face-off versus Dylan Larkin in Kraken zone.
1:27 of 2nd period - Radek Faksa is hit by Timo Meier.
2:15 of 2nd period - Wrist shot by Oliver Wahlstrom.
2:15 of 2nd period - Shot Blocked by Justin Holl.
2:17 of 2nd period - Slapshot by Josh Manson.
2:17 of 2nd period - Deflect By Ryan Hartman.
2:17 of 2nd period - Stopped by Frederik Andersen with a rebound.
2:19 of 2nd period - Wrist shot by Oliver Wahlstrom.
2:19 of 2nd period - Shot Misses the Net.
2:21 of 2nd period - Slapshot by Nick Ritchie.
2:21 of 2nd period - Stopped by Frederik Andersen with a rebound.
2:23 of 2nd period - Snap shot by Michael McLeod.
2:23 of 2nd period - Shot Misses the Net.
2:25 of 2nd period - Slapshot by Josh Manson.
2:25 of 2nd period - Shot Blocked by Justin Holl.
2:27 of 2nd period - Snap shot by Michael McLeod.
2:27 of 2nd period - Shot Misses the Net.
2:29 of 2nd period - Wrist shot by Oliver Wahlstrom.
2:29 of 2nd period - Shot Blocked by Christopher Tanev.
3:54 of 2nd period - Wrist shot by Steven Stamkos.
3:54 of 2nd period - Shot Misses the Net.
5:18 of 2nd period - Snap shot by Lawson Crouse.
5:18 of 2nd period - Deflect By Steven Stamkos.
5:18 of 2nd period - Stopped by Frederik Andersen with a rebound.
5:20 of 2nd period - Snap shot by Mark Stone.
5:20 of 2nd period - Shot Misses the Net.
5:22 of 2nd period - Snap shot by Lawson Crouse.
5:22 of 2nd period - Goal by Lawson Crouse - Kraken : 1 - Ducks : 1.
5:23 of 2nd period - Steven Stamkos wins face-off versus Ryan Hartman in neutral zone.
5:32 of 2nd period - Wrist shot by David Perron.
5:32 of 2nd period - Stopped by Carter Hart without a rebound.
5:33 of 2nd period - Steven Stamkos wins face-off versus Ryan Hartman in Ducks zone.
5:38 of 2nd period - Slapshot by Morgan Rielly.
5:38 of 2nd period - Deflect By Ryan Hartman.
5:38 of 2nd period - Stopped by Frederik Andersen without a rebound.
5:39 of 2nd period - Dylan Larkin wins face-off versus David Perron in Kraken zone.
6:13 of 2nd period - Slapshot by Morgan Rielly.
6:13 of 2nd period - Stopped by Frederik Andersen without a rebound.
6:14 of 2nd period - Steven Stamkos wins face-off versus Artturi Lehkonen in Kraken zone.
6:15 of 2nd period - Snap shot by Mark Stone.
6:15 of 2nd period - Stopped by Frederik Andersen with a rebound.
6:17 of 2nd period - Wrist shot by Steven Stamkos.
6:17 of 2nd period - Stopped by Frederik Andersen without a rebound.
6:18 of 2nd period - Steven Stamkos wins face-off versus Charlie Coyle in Kraken zone.
7:25 of 2nd period - Slapshot by Justin Holl.
7:25 of 2nd period - Shot Blocked by Michael McLeod.
7:32 of 2nd period - Off-side.
7:33 of 2nd period - Dylan Larkin wins face-off versus Ryan Hartman in neutral zone.
8:11 of 2nd period - Slapshot by Steven Stamkos.
8:11 of 2nd period - Shot Blocked by Connor Murphy.
8:13 of 2nd period - Snap shot by Riley Stillman.
8:13 of 2nd period - Stopped by Frederik Andersen with a rebound.
8:32 of 2nd period - Snap shot by Oliver Bjorkstrand.
8:32 of 2nd period - Shot Misses the Net.
8:34 of 2nd period - Snap shot by Artturi Lehkonen.
8:34 of 2nd period - Deflect By Oliver Bjorkstrand.
8:34 of 2nd period - Stopped by Carter Hart with a rebound.
8:50 of 2nd period - Wrist shot by Charlie Coyle.
8:50 of 2nd period - Shot Blocked by Morgan Rielly.
8:52 of 2nd period - Wrist shot by Charlie Coyle.
8:52 of 2nd period - Shot Blocked by Morgan Rielly.
8:54 of 2nd period - Slapshot by Oliver Bjorkstrand.
8:54 of 2nd period - Stopped by Carter Hart without a rebound.
8:55 of 2nd period - Dylan Larkin wins face-off versus Ryan Hartman in Ducks zone.
9:08 of 2nd period - Slapshot by Timo Meier.
9:08 of 2nd period - Stopped by Frederik Andersen without a rebound.
9:09 of 2nd period - Ryan Hartman wins face-off versus Mark Stone in Kraken zone.
9:38 of 2nd period - Wrist shot by Barclay Goodrow.
9:38 of 2nd period - Stopped by Carter Hart with a rebound.
10:04 of 2nd period - Snap shot by Nick Ritchie.
10:04 of 2nd period - Deflect By Justin Holl.
10:04 of 2nd period - Shot Misses the Net.
10:04 of 2nd period - Puck is out of play.
10:05 of 2nd period - Michael McLeod wins face-off versus Ryan Hartman in Kraken zone.
11:01 of 2nd period - Slapshot by Trent Frederic.
11:01 of 2nd period - Deflect By Charlie Coyle.
11:01 of 2nd period - Stopped by Frederik Andersen with a rebound.
11:03 of 2nd period - Snap shot by Trent Frederic.
11:03 of 2nd period - Stopped by Frederik Andersen with a rebound.
11:19 of 2nd period - Wrist shot by Ryan Donato.
11:19 of 2nd period - Shot Misses the Net.
11:21 of 2nd period - Snap shot by Radek Faksa.
11:21 of 2nd period - Shot Misses the Net.
11:23 of 2nd period - Slapshot by Seth Jones.
11:23 of 2nd period - Stopped by Carter Hart with a rebound.
11:25 of 2nd period - Slapshot by Jonas Brodin.
11:25 of 2nd period - Stopped by Carter Hart without a rebound.
11:26 of 2nd period - Steven Stamkos wins face-off versus Ryan Hartman in Ducks zone.
11:26 of 2nd period - Steven Stamkos is hit by David Perron.
12:40 of 2nd period - Ilya Lyubushkin is hit by Nick Ritchie and loses puck.
13:06 of 2nd period - Ryan McDonagh is hit by Vladimir Tarasenko and loses puck.
13:25 of 2nd period - Adam Larsson is hit by Ryan Donato and loses puck.
13:32 of 2nd period - Snap shot by Radek Faksa.
13:32 of 2nd period - Shot Misses the Net.
14:37 of 2nd period - Minor Penalty to Ryan Hartman for High sticking.
14:38 of 2nd period - Steven Stamkos wins face-off versus Radek Faksa in Kraken zone.
16:37 of 2nd period - Penalty to Ryan Hartman is over, Ryan Hartman is back on ice.
16:52 of 2nd period - Ilya Lyubushkin is hit by Oliver Wahlstrom and loses puck.
17:18 of 2nd period - Zach Aston-Reese is hit by Riley Stillman and loses puck.
18:10 of 2nd period - Wrist shot by Artturi Lehkonen.
18:10 of 2nd period - Shot Misses the Net.
18:12 of 2nd period - Slapshot by Justin Holl.
18:12 of 2nd period - Shot Blocked by Oliver Wahlstrom.
19:46 of 2nd period - Wrist shot by Ryan Hartman.
19:46 of 2nd period - Shot Misses the Net.
19:58 of 2nd period - Christopher Tanev is hit by Trent Frederic and loses puck.
Goals for this period are 0 for Kraken vs 1 for Ducks.
Shots for this period are 6 for Kraken vs 13 for Ducks.

3rd period


0:01 of 3rd period - Dylan Larkin wins face-off versus Vladimir Tarasenko in neutral zone.
0:04 of 3rd period - Slapshot by Adam Larsson.
0:04 of 3rd period - Stopped by Frederik Andersen with a rebound.
0:10 of 3rd period - Snap shot by Vladimir Tarasenko.
0:10 of 3rd period - Stopped by Carter Hart with a rebound.
0:12 of 3rd period - Slapshot by Seth Jones.
0:12 of 3rd period - Stopped by Carter Hart without a rebound.
0:13 of 3rd period - Dylan Larkin wins face-off versus Ryan Hartman in Ducks zone.
0:29 of 3rd period - Wrist shot by Dylan Larkin.
0:29 of 3rd period - Shot Hit the Post.
1:08 of 3rd period - Oliver Bjorkstrand is hit by Ryan McDonagh and loses puck.
1:28 of 3rd period - Snap shot by Michael McLeod.
1:28 of 3rd period - Shot Misses the Net.
3:25 of 3rd period - Wrist shot by Dylan Larkin.
3:25 of 3rd period - Shot Hit the Post.
4:30 of 3rd period - Connor Murphy is hit by Dylan Larkin and loses puck.
4:45 of 3rd period - Wrist shot by Charlie Coyle.
4:45 of 3rd period - Deflect By Oliver Bjorkstrand.
4:45 of 3rd period - Stopped by Carter Hart with a rebound.
5:16 of 3rd period - Slapshot by Trent Frederic.
5:16 of 3rd period - Stopped by Frederik Andersen without a rebound.
5:17 of 3rd period - Ryan Hartman wins face-off versus Dylan Larkin in Kraken zone.
5:32 of 3rd period - Wrist shot by Timo Meier.
5:32 of 3rd period - Shot Blocked by Justin Holl.
5:34 of 3rd period - Slapshot by Johnny Gaudreau.
5:34 of 3rd period - Stopped by Frederik Andersen with a rebound.
5:41 of 3rd period - Icing by Ryan Hartman.
5:42 of 3rd period - Charlie Coyle wins face-off versus Lawson Crouse in Kraken zone.
5:42 of 3rd period - Charlie Coyle is hit by Lawson Crouse.
6:04 of 3rd period - Minor Penalty to Justin Holl for Holding.
6:05 of 3rd period - Charlie Coyle wins face-off versus Steven Stamkos in Kraken zone.
6:26 of 3rd period - Jonas Brodin is hit by Steven Stamkos and loses puck.
6:43 of 3rd period - Ryan McDonagh is hit by Barclay Goodrow and loses puck.
8:04 of 3rd period - Penalty to Justin Holl is over, Justin Holl is back on ice.
8:15 of 3rd period - Slapshot by Josh Manson.
8:15 of 3rd period - Shot Misses the Net.
8:17 of 3rd period - Snap shot by Nick Ritchie.
8:17 of 3rd period - Shot Misses the Net.
8:19 of 3rd period - Slapshot by Josh Manson.
8:19 of 3rd period - Shot Blocked by Jonas Brodin.
8:21 of 3rd period - Snap shot by Nick Ritchie.
8:21 of 3rd period - Stopped by Frederik Andersen with a rebound.
8:27 of 3rd period - Minor Penalty to Vladimir Tarasenko for Hooking.
8:28 of 3rd period - Radek Faksa wins face-off versus Dylan Larkin in Kraken zone.
8:33 of 3rd period - Wrist shot by Barclay Goodrow.
8:33 of 3rd period - Deflect By Dylan Larkin.
8:33 of 3rd period - Stopped by Carter Hart without a rebound.
8:34 of 3rd period - Dylan Larkin wins face-off versus Radek Faksa in Ducks zone.
8:41 of 3rd period - Snap shot by Dylan Larkin.
8:41 of 3rd period - Stopped by Frederik Andersen without a rebound.
8:42 of 3rd period - Steven Stamkos wins face-off versus Charlie Coyle in Kraken zone.
8:53 of 3rd period - Slapshot by Adam Larsson.
8:53 of 3rd period - Stopped by Frederik Andersen without a rebound.
8:54 of 3rd period - Steven Stamkos wins face-off versus Radek Faksa in Kraken zone.
8:57 of 3rd period - Wrist shot by Johnny Gaudreau.
8:57 of 3rd period - Goal by Johnny Gaudreau - Kraken : 1 - Ducks : 2.
8:58 of 3rd period - Dylan Larkin wins face-off versus Ryan Hartman in neutral zone.
9:03 of 3rd period - Snap shot by Dylan Larkin.
9:03 of 3rd period - Deflect By Jonas Brodin.
9:03 of 3rd period - Shot Misses the Net.
9:03 of 3rd period - Puck is out of play.
9:04 of 3rd period - Ryan Hartman wins face-off versus Dylan Larkin in Kraken zone.
9:13 of 3rd period - Vladimir Tarasenko is hit by Dylan Larkin and loses puck.
10:01 of 3rd period - Slapshot by Thomas Chabot.
10:01 of 3rd period - Stopped by Frederik Andersen with a rebound.
10:03 of 3rd period - Wrist shot by Trent Frederic.
10:03 of 3rd period - Shot Misses the Net.
10:36 of 3rd period - Oliver Bjorkstrand is hit by Dylan Larkin.
11:37 of 3rd period - Wrist shot by Oliver Bjorkstrand.
11:37 of 3rd period - Stopped by Carter Hart with a rebound.
11:56 of 3rd period - Morgan Geekie is hit by Charlie Coyle and loses puck.
12:27 of 3rd period - Slapshot by Oliver Bjorkstrand.
12:27 of 3rd period - Shot Misses the Net.
12:41 of 3rd period - Backhand shot by Artturi Lehkonen.
12:41 of 3rd period - Shot Blocked by Trent Frederic.
13:13 of 3rd period - Snap shot by Charlie Coyle.
13:13 of 3rd period - Stopped by Carter Hart without a rebound.
13:14 of 3rd period - Ryan Hartman wins face-off versus Steven Stamkos in Ducks zone.
13:23 of 3rd period - Jonas Brodin is hit by Adam Larsson and loses puck.
13:40 of 3rd period - Ryan Hartman is hit by Dylan Larkin and loses puck.
14:29 of 3rd period - Wrist shot by Mark Stone.
14:29 of 3rd period - Shot Misses the Net.
14:43 of 3rd period - Ryan McDonagh is hit by Christopher Tanev and loses puck.
16:27 of 3rd period - Timo Meier is hit by Zach Aston-Reese and loses puck.
16:59 of 3rd period - Icing by Nick Ritchie.
17:00 of 3rd period - Steven Stamkos wins face-off versus Barclay Goodrow in Ducks zone.
17:59 of 3rd period - Vladimir Tarasenko is hit by Steven Stamkos and loses puck.
19:18 of 3rd period - Slapshot by Oliver Wahlstrom.
19:18 of 3rd period - Shot Misses the Net.
19:23 of 3rd period - Minor Penalty to Jonas Brodin for Hooking.
19:24 of 3rd period - Charlie Coyle wins face-off versus Steven Stamkos in Kraken zone.
19:41 of 3rd period - Justin Holl is hit by Steven Stamkos and loses puck.
Goals for this period are 0 for Kraken vs 1 for Ducks.
Shots for this period are 6 for Kraken vs 8 for Ducks.